 Dungeon Crawl Stone Soup version 0.21-a0-260-g9b2435e (webtiles) character file.

163 polean the Covered (level 5, -5/38 HPs)
             Began as a Human Wanderer on Sept 7, 2017.
             Was an Initiate of the Shining One.
             Slain by an orc priest
             ... wielding a +0 dagger
              (6 damage)
             ... on level 3 of the Dungeon.
             The game lasted 00:24:16 (3765 turns).

polean the Covered (Human Wanderer)                 Turns: 3765, Time: 00:24:17

Health: -5/38      AC:  4    Str: 12    XL:     5   Next: 72%
Magic:  1/8        EV: 11    Int: 14    God:    the Shining One [......]
Gold:   132        SH:  0    Dex: 12    Spells: 1/8 levels left

rFire    . . .     SeeInvis .   a - +3 dagger
rCold    . . .     Gourm    .   (no shield)
rNeg     + . .     Faith    .   h - +0 leather armour
rPois    .         Spirit   .   m - +0 helmet
rElec    .         Reflect  .   (no cloak)
rCorr    .         Harm     .   (no gloves)
MR       .....                  (no boots)
Stlth    +.........             (no amulet)
HPRegen  0.12/turn              i - ring of positive energy
MPRegen  0.11/turn              (no ring)

@: glowing
A: no striking features
a: Renounce Religion


You were on level 3 of the Dungeon.
You worshipped the Shining One.
The Shining One was noncommittal.
You were not hungry.

You visited 1 branch of the dungeon, and saw 3 of its levels.

You collected 132 gold pieces.

Inventory:

Hand Weapons
 a - a +3 dagger (weapon)
 b - a +1 hand crossbow
 d - a +0 short sword
 l - a +1 dagger of flaming
 n - a +2 dagger of venom
Missiles
 c - 21 bolts
 e - 79 stones (quivered)
Armour
 h - a +0 leather armour (worn)
 m - a +0 helmet (worn)
Jewellery
 i - a ring of positive energy (left hand)
Scrolls
 p - a scroll of identify
Books
 g - a book of Minor Magic

   Spells                             Type                      Level
   a - Magic Dart                     Conjuration                  1
   b - Blink                          Translocation                2
   c - Call Imp                       Summoning                    2
   d - Slow                           Hexes                        2
   e - Conjure Flame                  Conjuration/Fire             3
   f - Mephitic Cloud                 Conjuration/Poison/Air       3
Comestibles
 f - 4 bread rations
 k - 3 chunks of flesh
 o - a royal jelly


   Skills:
 + Level 1.8 Fighting
 + Level 1.3 Short Blades
 + Level 2.0 Crossbows
 + Level 4.3 Armour
 + Level 0.8 Dodging
 + Level 0.2 Stealth
   Level 1.0 Shields
 + Level 2.1 Spellcasting
 + Level 1.3 Conjurations
 + Level 1.1 Summonings
   Level 2.0 Poison Magic
   Level 1.0 Evocations


You had one spell level left.
You knew the following spells:

 Your Spells              Type           Power        Failure   Level  Hunger
a - Magic Dart            Conj           #...         17%         1    #......
b - Call Imp              Summ           #.......     28%         2    ###....
c - Blink                 Tloc           N/A          41%         2    ###....
d - Slow                  Hex            #.......     41%         2    ###....


Dungeon Overview and Level Annotations

Branches:
Dungeon (3/15)

Altars:
Ashenzari
Trog
The Shining One


Message History

The orc priest hits you with a dagger.
* * * LOW HITPOINT WARNING * * *
You hit the orc priest but do no damage.
The orc priest is moderately wounded.
The orc priest hits you but does no damage.
Your magical contamination has completely faded away.
You hit the orc priest but do no damage.
The orc priest is moderately wounded.
The orc priest hits you but does no damage.
You hit the orc priest.
The orc priest is heavily wounded.
The orc priest hits you but does no damage.
You barely miss the orc priest.
The orc priest is heavily wounded.
The orc priest hits you with a dagger.
* * * LOW HITPOINT WARNING * * *
You hit the orc priest but do no damage.
The orc priest is heavily wounded.
The orc priest hits you with a dagger.
You die...

#.##.# # #.##.###
###.#....# #...####.#
#.#......÷ #############
##.#(####.# #...........#
#..#.# #.#
###...........##### #..#.#
#.# .....$.......oo@..#
##'##.# #..
###...........###.#
#§.≈### ###
...................##...##
...>.
###########....##.##._._.#
..... #....# ###8### .....
#./..# ### ####. #....# #.
#### #....+ #.# #
.....##....### #.#


You could see an orc priest and an orc.

Vanquished Creatures
  A crimson imp (D:2)
  Ijyb (D:3)
  An adder (D:3)
  A worm (D:2)
  A leopard gecko (D:2)
  3 orcs (D:3)
  A ball python (D:3)
  3 giant cockroaches
  10 goblins
  6 hobgoblins
  7 jackals
  8 bats
  5 frilled lizards
  8 kobolds
  7 rats
63 creatures vanquished.

Vanquished Creatures (collateral kills)
  Robin (D:2)
  An adder (D:2)
  A bat (D:2)
  5 goblins (D:2)
  A hobgoblin (D:2)
  A frilled lizard (D:2)
  A kobold (D:2)
11 creatures vanquished.

Grand Total: 74 creatures vanquished

Notes
Turn   | Place    | Note
-------+----------+-------------------------------------------
     0 | D:1      | polean the Human Wanderer began the quest for the Orb.
     0 | D:1      | polean set off with: a book of Minor Magic, a +0 hand crossbow, 28 bolts, a +0 ring mail, a bread ration
     0 | D:1      | Reached XP level 1. HP: 15/15 MP: 2/2
     2 | D:1      | Learned a level 1 spell: Magic Dart
   215 | D:1      | Reached XP level 2. HP: 8/21 MP: 0/3
   220 | D:1      | Learned a level 2 spell: Call Imp
   553 | D:1      | Reached skill level 1 in Crossbows
   876 | D:1      | Reached XP level 3. HP: 26/26 MP: 0/4
  1817 | D:2      | Noticed Robin
  1823 | D:2      | Killed Robin
  1823 | D:2      | Reached XP level 4. HP: 25/32 MP: 0/6
  2153 | D:2      | Learned a level 2 spell: Blink
  2203 | D:2      | Reached skill level 1 in Conjurations
  2203 | D:2      | Reached skill level 1 in Summonings
  2203 | D:2      | Reached XP level 5. HP: 27/37 MP: 1/7
  2357 | D:2      | Learned a level 2 spell: Slow
  2842 | D:3      | Reached skill level 1 in Short Blades
  3206 | D:3      | Found a bloodstained altar of Trog.
  3206 | D:3      | Found a glowing golden altar of the Shining One.
  3211 | D:3      | Became a worshipper of the Shining One
  3230 | D:3      | Noticed Ijyb
  3245 | D:3      | Killed Ijyb
  3415 | D:3      | Found a shattered altar of Ashenzari.
  3764 | D:3      | HP: 1/38 [orc priest/dagger (2)]
  3765 | D:3      | Slain by an orc priest

Vault maps used:
D:1:      wheals_arrival_linesprint
D:2:      serial_forest, infiniplex_forest_clump_diagonal,
          infiniplex_forest_zigzag_2, infiniplex_forest_clump_long,
          infiniplex_forest_lined_4_way, uniq_robin
D:3:      grunt_temple_overflow_gold_and_silver,
          gammafunk_temple_overflow_statue, lemuel_crystal_altar, first_bread,
          uniq_ijyb, uniq_jessica, uniq_sigmund

Skill      XL: |  1  2  3  4  5 |
---------------+----------------+-----
Crossbows      | 1 2 |  2.0
Conjurations   | 1 |  1.3
Summonings     | 1 |  1.1
Short Blades   | 1 |  1.3
Spellcasting   | 2 |  2.1
Fighting       | |  1.8
Armour         | |  4.3
Dodging        | |  0.8
Stealth        | |  0.2
Shields        | |  1.0
Poison Magic   | |  2.0
Evocations     | |  1.0

Action                   |  1- 3 |  4- 6 || total
-------------------------+-------+-------++-------
Melee: Short sword       |    34 |       ||    34
       Dagger            |     2 |    82 ||    84
 Fire: Hand crossbow     |    51 |    14 ||    65
 Cast: Magic Dart        |     9 |    58 ||    67
       Call Imp          |     9 |     3 ||    12
       Slow              |       |     1 ||     1
  Use: Scroll            |     5 |     3 ||     8
       Potion            |     1 |       ||     1
  Eat: Chunk             |     2 |     4 ||     6
       Meat ration       |     1 |       ||     1
       Royal jelly       |       |     1 ||     1
Armor: Ring mail         |     9 |       ||     9
       Leather armour    |    16 |    40 ||    56
Dodge: Dodged            |    59 |    55 ||   114

Table legend:
 A = Spawn XP
 B = Non-spawn XP
 C = Spawn XP percentage of total XP
 D = Spawn monster count
 E = Non-spawn monster count
 F = Spawn count percentage of total count
 G = Total turns spent on level
                    A         B        C        D         E        F      G
               +---------+---------+-------+---------+---------+-------+---------
         Total |       0 |     233 |   0.0 |       0 |      74 |   0.0 |  3765
               +---------+---------+-------+---------+---------+-------+---------
           D:1 |       0 |      31 |   0.0 |       0 |      21 |   0.0 |  1407
           D:2 |       0 |     124 |   0.0 |       0 |      34 |   0.0 |  1317
           D:3 |       0 |      78 |   0.0 |       0 |      19 |   0.0 |  1041
               +---------+---------+-------+---------+---------+-------+---------
